 Dungeon Crawl Stone Soup version 0.29.1-2-gbd0b4ee654 (webtiles) character file.

Game seed: 4912199911446889773

349 RascalDebosk the Magician (level 6, -1/40 HPs)
             Began as a Djinni Earth Elementalist on Oct 29, 2022.
             Slain by a gnoll
             ... wielding a +0 spear
             ... led by a gnoll bouda
              (4 damage)
             ... on level 4 of the Dungeon.
             The game lasted 00:27:16 (4937 turns).

RascalDebosk the Magician (DjEE)                    Turns: 4937, Time: 00:27:17

Health: -1/40      AC:  3    Str:  7    XL:     6   Next: 92%
Gold:   226        EV: 11    Int: 19    God:
                   SH:  0    Dex: 13

rFire   + + .      SeeInvis .   p - +0 long sword
rCold   x . .      Faith    .   (no shield)
rNeg    . . .      Spirit   .   r - +0 leather armour of a Gauntlet {Fly rPois rCorr}
rPois   ∞          Reflect  .   (no helmet)
rElec   .          Harm     .   (no cloak)
rCorr   +          Rampage  .   (no gloves)
Will    +....                   (boots unavailable)
Stlth   ++........              (no amulet)
HPRegen 0.13/turn               c - ring of willpower
MPRegen 0.00/turn               (no ring)

@: flying, very slightly contaminated
A: sickness immunity, fire resistance 2, cold vulnerability 1, float, innate
caster, HP casting, extra vitality 1
a: no special abilities


You were on level 4 of the Dungeon.
You visited 1 branch of the dungeon, and saw 4 of its levels.

You collected 226 gold pieces.

Inventory:

Hand Weapons
 p - a +0 long sword (weapon)
Armour
 a - a +0 robe
 r - the +0 leather armour of a Gauntlet (worn) {Fly rPois rCorr}
   (You found it on level 3 of the Dungeon)

   rPois:     It protects you from poison.
   Fly:       It grants you flight.
   rCorr:     It protects you from acid and corrosion.
Magical Staves
 j - a staff of air
Jewellery
 c - a ring of willpower (left hand)
Scrolls
 b - a scroll of magic mapping {unknown}
 g - a scroll of immolation {unknown}
 i - a scroll of poison {unknown}
 l - a scroll of enchant weapon {unknown}
 n - a scroll of acquirement {unknown}
 o - a scroll of brand weapon {unknown}
 t - a scroll of teleportation
Potions
 d - a potion of might
 e - a potion of degeneration
 f - 2 potions of berserk rage
 h - 2 potions of resistance
 k - 3 potions of mutation
 m - a potion of curing {unknown}
 q - a potion of flight {unknown}
 s - a potion of heal wounds {unknown}
 u - a potion of lignification {unknown}


   Skills:
 - Level 2.1 Dodging
 - Level 1.5 Stealth
 * Level 5.5 Spellcasting


You had 3 spell levels left.
You knew the following spells:

 Your Spells              Type           Power      Damage    Failure   Level
a - Sandblast             Erth           52%        2d12      1%          1
b - Passwall              Tmut/Erth      21%        N/A       2%          2
c - Stone Arrow           Conj/Erth      52%        3d10      5%          3
d - Petrify               Tmut/Erth      26%        N/A       19%         4
e - Magic Dart            Conj           100%       1d8       1%          1
f - Wereblood             Tmut           26%        N/A       2%          2
Your spell library was empty.

Dungeon Overview and Level Annotations

Branches:
Dungeon (4/15)
 Temple: D:4-7

Altars:
Elyvilon
Yredelemnul


Innate Abilities, Weirdness & Mutations

You are immune to sickness and miasma.
You are immune to poison.
Your flesh is very heat resistant. (rF++)
You are vulnerable to cold. (rC-)
You float through the air rather than walking.
You learn spells naturally, not from books.
Your magical power is your life essence.
You have superior vitality. (+4 MHP)


Message History

* * * LOW HITPOINT WARNING * * *
You start resting.
HP restored.
Items here: )) [ ††.
Things that are here:
a +0 whip; a +0 leather armour
Found a stone staircase leading down.
i - a viscous puce potion
Found a dagger.
Found an escape hatch in the floor.
k - 3 potions of mutation (gained 1)
Things that are here:
a +0 club; a +0 club; a stone
i - a scroll of identify;
u - a viscous puce potion
As you read the scroll of identify, it crumbles to dust.
e - a potion of degeneration Lua error: /dgldir/rcfiles/crawl-0.29/RascalDebosk.rc:335: '' expected near 'end' Welcome back, RascalDebosk the Djinni Earth Elementalist.
Press ? for a list of commands and other information.
Found a stone staircase leading up.
i - a scroll labelled YFUEVOHULU A giant cockroach comes into view.
Aiming: Stone Arrow (dangerous; 6% risk of failure)
Press: ? - help, Q - select action, (/) - cycle Shift-Dir - straight line, f - you That beam is likely to hit you.
Continue anyway? [Y]es or [N]o only, please.
That beam is likely to hit you.
Continue anyway?
Okay, then.
Aiming: Stone Arrow (dangerous; 6% risk of failure)
Press: ? - help, Q - select action, (/) - cycle Shift-Dir - straight line, f - giant cockroach
Aim: a giant cockroach (71% to hit)
The stone arrow hits the giant cockroach!!
You kill the giant cockroach!
HP restored. 3 gnolls come into view.
The gnoll shouts! x3; You hear a shout!
A gnoll comes into view. It is wielding a +0 whip.
Aiming: Stone Arrow (dangerous; 6% risk of failure)
Press: ? - help, Q - select action, (/) - cycle Shift-Dir - straight line, f - gnoll
Aim: a gnoll, wielding a +0 spear (75% to hit)
The stone arrow hits the gnoll!
You kill the gnoll!
Aiming: Stone Arrow (dangerous; 6% risk of failure)
Press: ? - help, Q - select action, (/) - cycle Shift-Dir - straight line, f - gnoll
Aim: a gnoll, wielding a +0 whip (75% to hit)
The stone arrow hits the gnoll!
The gnoll is almost dead.
The gnoll barely misses you.
Aiming: Stone Arrow (dangerous; 6% risk of failure)
Press: ? - help, Q - select action, (/) - cycle Shift-Dir - straight line, f/p - gnoll
Aim: a gnoll, wielding a +0 whip (almost dead, 75% to hit)
The stone arrow hits the gnoll!
You kill the gnoll!
A gnoll comes into view. It is wielding a +0 club.
The gnoll hits you but does no damage.
Aiming: Stone Arrow (dangerous; 6% risk of failure)
Press: ? - help, Q - select action, (/) - cycle Shift-Dir - straight line, f - gnoll
Aim: a gnoll, wielding a +0 club (75% to hit)
The stone arrow hits the gnoll!!
You kill the gnoll!
The gnoll closely misses you.
A gnoll bouda comes into view. It is wielding a +0 club.
Aiming: Stone Arrow (dangerous; 5% risk of failure)
Press: ? - help, Q - select action, (/) - cycle Shift-Dir - straight line, f - gnoll bouda
Aim: a gnoll bouda, wielding a +0 club and wearing a +0 robe (75% to hit)
The stone arrow hits the gnoll bouda!!
You kill the gnoll bouda!
The gnoll hits you from afar with a +0 spear.
Aiming: Stone Arrow (dangerous; 5% risk of failure)
Press: ? - help, Q - select action, (/) - cycle Shift-Dir - straight line, f - gnoll
Aim: a gnoll, wielding a +0 spear (75% to hit)
The stone arrow hits the gnoll!
The gnoll is severely wounded.
* * * LOW HITPOINT WARNING * * *
The gnoll hits you from afar with a +0 spear!
* * * LOW HITPOINT WARNING * * *
Aiming: Stone Arrow (dangerous; 5% risk of failure)
Press: ? - help, Q - select action, (/) - cycle Shift-Dir - straight line, f/p - gnoll
Aim: a gnoll, wielding a +0 spear (severely wounded, 75% to hit)
You miscast Stone Arrow.
You are very lightly contaminated with residual magic.
Nothing appears to happen.
* * * LOW HITPOINT WARNING * * *
The gnoll barely misses you.
Aiming: Stone Arrow (dangerous; 5% risk of failure)
Press: ? - help, Q - select action, (/) - cycle Shift-Dir - straight line, f/p - gnoll
Aim: a gnoll, wielding a +0 spear (severely wounded, 75% to hit)
You miscast Stone Arrow.
Nothing appears to happen.
* * * LOW HITPOINT WARNING * * *
The gnoll closely misses you.
Aiming: Stone Arrow (dangerous; 5% risk of failure)
Press: ? - help, Q - select action, (/) - cycle Shift-Dir - straight line, f/p - gnoll
Aim: a gnoll, wielding a +0 spear (severely wounded, 75% to hit)
The stone arrow misses the gnoll.
* * * LOW HITPOINT WARNING * * *
The gnoll barely misses you.
You don't have enough health to cast this spell.
You don't have enough health to cast this spell.
Items here: )))) [ †††.
The gnoll hits you with a +0 spear.
You die...

#^##)..#..>..# ## #.
#.#.###.#....# .#. #.
####.#...###...# ..# #
#. .....#....#.###.#
... .# ..
#.##.#.....#...###..
#.# ##
#..##.#....#....#.###.#
....#.##...#.....#...##
###.#.#
###.#...g#g...#.. #
#.#.# #####..@#.....#
###...# #....###)#
......####......###
...........####.###
....#####..........
###.## #.#####.### #
#.<# #.# ###..# #.#
.....####.#


You could see a gnoll.

Vanquished Creatures
  A necrophage (D:4)
  A gnoll bouda (D:4)
  An orc wizard (D:4)
  7 gnolls (D:4)
  6 adders
  2 ufetubi (D:4)
  2 worms (D:2)
  3 orcs (D:4)
  10 ball pythons
  5 endoplasms
  4 giant cockroaches
  8 goblins
  A hobgoblin (D:4)
  2 jackals (D:3)
  12 kobolds
  4 quokkas
  16 bats
  18 frilled lizards
  A rat (D:3)
104 creatures vanquished.

Vanquished Creatures (others)
  4 plants (D:2)
4 creatures vanquished.

Grand Total: 108 creatures vanquished

Notes
Turn   | Place    | Note
-------+----------+-------------------------------------------
     0 | D:1      | RascalDebosk the Djinni Earth Elementalist began the quest
                  | for the Orb.
     0 | D:1      | RascalDebosk set off with the following spells memorised:
                  | Sandblast, Passwall, Stone Arrow, Petrify.
     0 | D:1      | Reached XP level 1. HP: 15/15 MP: 0/0
   200 | D:1      | Reached XP level 2. HP: 10/21 MP: 0/0
   654 | D:1      | Reached skill level 3 in Spellcasting
   895 | D:1      | Reached XP level 3. HP: 23/25 MP: 0/0
   895 | D:1      | Learned a level 1 spell: Magic Dart
  1217 | D:2      | Found a faded altar of an unknown god.
  1556 | D:2      | Reached XP level 4. HP: 17/31 MP: 0/0
  2041 | D:2      | Reached skill level 4 in Spellcasting
  2865 | D:3      | Reached XP level 5. HP: 30/35 MP: 0/0
  2865 | D:3      | Learned a level 2 spell: Wereblood
  3265 | D:3      | Found a basalt altar of Yredelemnul.
  3270 | D:3      | Identified the +0 leather armour of a Gauntlet {Fly rPois
                  | rCorr}
  3511 | D:3      | Found a white marble altar of Elyvilon.
  4088 | D:4      | Reached XP level 6. HP: 29/40 MP: 0/0
  4403 | D:4      | Reached skill level 5 in Spellcasting
  4937 | D:4      | Slain by a gnoll

Illustrated notes

Levels and vault maps discovered:
D:1:      moated_graveyard_arrival, layout_loops_ring, minmay_pentomino_u2
D:2:      layout_basic, chequers_ecumenical_altar_island,
          chequers_serial_rivers_micro_d, st_stairs_12, minmay_lizard_king
D:3:      layout_loops_ring, kennysheep_ying_yang, led_sif_pool,
          minmay_quadrilaterals
D:4:      nicolae_BIG_FREAKIN_CUBE, layout_loops_ring, serial_bayou_pond_a,
          minmay_misc_feat_cross

Skill      XL: |  1  2  3  4  5  6 |
---------------+-------------------+-----
Spellcasting   | 3 4 5 |  5.5
Dodging        | |  2.1
Stealth        | |  1.5

Action                   |  1- 3 |  4- 6 || total
-------------------------+-------+-------++-------
Melee: Dagger            |     2 |     2 ||     4
       Long sword        |       |     4 ||     4
 Cast: Sandblast         |    28 |     5 ||    33
       Magic Dart        |    32 |    84 ||   116
       Stone Arrow       |     2 |    35 ||    37
       Petrify           |       |     2 ||     2
  Use: Scroll            |       |     6 ||     6
Armor: Robe              |     8 |     1 ||     9
       Leather armour    |       |     1 ||     1
Dodge: Dodged            |    13 |    23 ||    36
